AoeStats
← [CL] Al3jandr0.magn00

Nomad

504614156Analyzed
4v4 RM · 25d ago on Sep 6, 2026· 58m 55s· 8 players
Game mode
Random Map
Map size
231×231
Population
200
Speed
Normal
Resources
Standard
Victory
Conquest
Starting age
Dark Age
Ending age
Imperial Age
RankedLock teamsTeams togetherTeam positionsShared explorationLock speedFull tech treeHidden civsTurbo modeCheats
Victory
Defeat
🇵🇪 Lithuanians · Peru
1567
+17
🇨🇱 Spanish · Chile
1547
+17
🇦🇷 Teutons · Argentina
1504
+19
🇨🇱 Byzantines · Chile
1376
+24
🇦🇷 Vietnamese · Argentina
1687
-24
🇦🇷 Mapuche · Argentina
1646
-22
🇦🇷 Bengalis · Argentina
1486
-16
🇦🇷 Japanese · Argentina
1474
-15
Alexis
12:25 Feudal Age
14:44 Loom
14:56 Double-Bit Axe
17:12 Castle Age
15:18 Fishing Lines
15:41 Horse Collar
17:24 Town Watch
18:22 Bow Saw
21:31 Fletching
24:47 Ballistics
27:08 Devotion
29:09 Wheelbarrow
38:04 Guard Tower
43:44 Bodkin Arrow
44:35 Stone Mining
45:11 Heavy Plow
46:46 Hand Cart
49:52 Imperial Age
47:41 Scale Mail Armor
47:51 Forging
48:46 Masonry
50:24 Iron Casting
49:55 Scale Barding Armor
50:06 Bloodlines
50:18 Cavalier
50:59 Arrowslits
51:56 Keep
52:10 Chain Barding Armor
53:17 Blast Furnace
54:01 Plate Barding Armor
54:12 Siege Engineers
57:05 Conscription
57:22 Hoardings
57:58 Paladin
58:52 Paladin
[CL] ElPali
5:32 Loom
12:48 Feudal Age
13:19 Double-Bit Axe
20:08 Castle Age
19:45 Stone Mining
21:18 Medium Warships
27:22 Bow Saw
30:27 Fishing Lines
31:29 Wheelbarrow
37:38 Husbandry
36:59 Light Cavalry
38:31 Hand Cart
40:48 Imperial Age
38:49 Scale Barding Armor
39:00 Forging
40:06 Hand Cart
39:45 Fletching
39:55 Padded Archer Armor
39:52 Elite Skirmisher
41:52 Bodkin Arrow
42:12 Leather Archer Armor
42:59 Chemistry
42:58 Bracer
43:12 Thumb Ring
44:17 Two-Man Saw
44:24 Conscription
44:17 Light Cavalry
45:12 Forging
48:17 Ring Archer Armor
56:31 Gillnets
Xander
9:18 Loom
12:01 Feudal Age
16:04 Castle Age
14:52 Double-Bit Axe
24:53 Scale Mail Armor
25:02 Scale Barding Armor
26:57 Husbandry
28:41 Fervor
29:32 Wheelbarrow
29:18 Horse Collar
33:54 Imperial Age
32:10 Bloodlines
34:38 Chain Barding Armor
34:28 Forging
34:38 Chain Barding Armor
34:28 Forging
34:28 Cavalier
37:37 Iron Casting
41:45 Conscription
42:00 Fletching
42:54 Loom
47:06 Plate Barding Armor
49:40 Light Cavalry
[CL] ßitokø × 1876
5:34 Loom
13:37 Feudal Age
17:18 Castle Age
18:06 Double-Bit Axe
18:02 Horse Collar
18:52 Heavy Plow
19:07 Bow Saw
29:06 Wheelbarrow
36:16 Imperial Age
37:11 Padded Archer Armor
38:17 Two-Man Saw
38:48 Leather Archer Armor
43:04 Fletching
43:50 Hand Cart
43:59 Hand Cart
44:45 Ring Archer Armor
46:16 Bodkin Arrow
45:42 Elite Skirmisher
47:21 Bracer
47:28 Thumb Ring
47:50 Scale Barding Armor
47:56 Forging
48:38 Conscription
48:19 Inquisition
49:29 Chain Barding Armor
50:17 Chemistry
50:33 Iron Casting
49:59 Scale Mail Armor
51:58 Plate Barding Armor
53:14 Blast Furnace
53:19 Elite Conquistador
54:21 Supremacy
54:02 Inquisition
54:32 Light Cavalry
55:13 Husbandry
55:54 Chain Mail Armor
56:25 Town Watch
57:20 Hoardings
58:11 Bloodlines
57:26 Hussar
59:19 Gold Mining
59:19 Stone Mining
59:52 Ballistics
__35_Kingpin_Arg
10:33 Loom
13:01 Feudal Age
14:14 Fishing Lines
17:16 Castle Age
17:26 Double-Bit Axe
18:12 Medium Warships
18:57 Gillnets
20:12 Bow Saw
21:19 Wheelbarrow
23:52 Fletching
24:08 Fletching
24:30 Forging
24:41 Fletching
28:00 Bodkin Arrow
29:52 Thumb Ring
32:32 Ballistics
33:02 Hand Cart
36:10 Husbandry
39:15 Imperial Age
37:17 Padded Archer Armor
39:36 Heavy Cavalry Archer
40:51 Conscription
40:43 Bracer
42:30 Chemistry
42:04 Parthian Tactics
42:14 Scale Mail Armor
42:25 Forging
44:41 Iron Casting
45:00 Gold Mining
48:07 Pikeman
48:48 Squires
49:07 Halberdier
50:07 Chain Mail Armor
50:52 Blast Furnace
53:00 Treadmill Crane
58:50 Plate Mail Armor
__127_Monchito008_Arg
3:28 Loom
13:47 Feudal Age
15:19 Double-Bit Axe
16:51 Town Watch
23:33 Castle Age
23:33 Wheelbarrow
24:30 Gold Mining
25:35 Redemption
26:11 Gold Shaft Mining
27:58 Sanctity
35:03 Imperial Age
32:50 Hand Cart
34:30 Fletching
35:09 Elite Elephant Archer
35:46 Bodkin Arrow
36:33 Bracer
37:35 Chemistry
36:55 Ballistics
37:34 Ballistics
[CL] Al3jandr0.magn00
3:37 Loom
12:33 Feudal Age
16:19 Castle Age
14:55 Town Watch
19:03 Fletching
21:00 Bodkin Arrow
24:07 Double-Bit Axe
43:05 Fortified Wall
44:23 Horse Collar
48:53 Wheelbarrow
49:51 Arson
50:39 Scale Mail Armor
53:59 Imperial Age
51:47 Forging
51:44 Stone Mining
51:44 Gold Mining
52:46 Padded Archer Armor
52:20 Elite Skirmisher
53:53 Leather Archer Armor
54:01 Ballistics
54:19 Medium Warships
55:07 Squires
55:45 Ring Archer Armor
56:46 Bracer
57:16 Imperial Skirmisher
59:09 Hand Cart
60:16 Chemistry
__92_Deimos_Arg
4:31 Loom
12:36 Feudal Age
13:43 Town Watch
13:49 Double-Bit Axe
15:49 Fletching
17:30 Fishing Lines
20:46 Castle Age
21:31 Bodkin Arrow
22:25 Padded Archer Armor
24:25 Gillnets
29:12 Horse Collar
29:43 Bow Saw
31:47 Wheelbarrow
35:03 Hand Cart
36:38 Leather Archer Armor
39:02 Imperial Age
40:50 Chemistry
41:00 Ring Archer Armor
41:31 Heavy Plow
41:04 Elite Bolas Rider
42:07 Ballistics
42:33 Conscription
44:01 Heavy Plow
44:15 Malon
47:41 Gold Mining
47:42 Stone Mining
49:00 Forging
Connection lost

Rejoining the realm…

Still unreachable

The connection could not be restored.

Session expired

The server has moved on; the page needs a fresh start.